 Dungeon Crawl Stone Soup version 0.20-a0-150-g0ef8409 (webtiles) character file.

2050 FitzyFitz the Cleaver (level 9, -4/73 HPs)
             Began as a Deep Dwarf Warper on Nov 21, 2016.
             Was an Initiate of Makhleb.
             Slain by an orc warrior
             ... wielding a +0 mace
              (15 damage)
             ... on level 7 of the Dungeon.
             The game lasted 00:25:58 (8051 turns).

FitzyFitz the Cleaver (Deep Dwarf Warper)           Turns: 8051, Time: 00:25:59

Health: -4/73      AC: 15    Str: 19    XL:     9   Next: 4%
Magic:  11/11      EV:  6    Int: 13    God:    Makhleb [......]
Gold:   483        SH:  0    Dex: 12    Spells: 11/11 levels left

rFire  + . .     SeeInvis .     a - +0 hand axe
rCold  . . .     Gourm    .     m - +0 plate armour
rNeg   . . .     Faith    .     (no shield)
rPois  .         Spirit   .     (no helmet)
rElec  .         Reflect  .     o - +2 cloak
rCorr  .         Harm     .     (no gloves)
MR     +....                    (no boots)
Stlth  ..........               (no amulet)
                                F - ring of protection from fire
                                s - +1 ring of slaying

@: non-regenerating
A: damage resistance, recharge devices, mutation resistance 1, sense
surroundings 2, slow regeneration 3
a: Device Recharging, Renounce Religion


You were on level 7 of the Dungeon.
You worshipped Makhleb.
Makhleb was noncommittal.
You were not hungry.

You visited 2 branches of the dungeon, and saw 8 of its levels.
You also visited: Sewer.

You collected 483 gold pieces.

Inventory:

Hand Weapons
 a - a +0 hand axe (weapon)
 k - a +4 quarterstaff of chaos
Missiles
 e - a tomahawk of dispersal
 i - 176 stones
 j - 58 sling bullets
 u - 2 tomahawks
 w - 3 curare-tipped needles
 x - 40 bolts
 K - 4 javelins (quivered)
Armour
 b - a +0 leather armour
 m - a +0 plate armour (worn)
 o - a +2 cloak (worn)
Jewellery
 s - a +1 ring of slaying (left hand)
 F - a ring of protection from fire (right hand)
Wands
 f - a wand of heal wounds (2/9)
Scrolls
 l - 4 scrolls of remove curse
 q - a scroll of enchant armour
 r - 2 scrolls of amnesia {unknown}
 v - 2 scrolls of magic mapping {unknown}
 z - a scroll of recharging
 B - a scroll of fog
 D - a scroll of fear {unknown}
 G - a scroll of enchant weapon {unknown}
 H - a scroll of random uselessness {unknown}
Potions
 d - 2 potions of flight
 p - 3 potions of curing
 A - a potion of brilliance {unknown}
 C - 2 potions of resistance {unknown}
 E - a potion of mutation {unknown}
 J - a potion of heal wounds
Books
 c - a book of Spatial Translocations

   Spells                             Type                      Level
   a - Blink                          Translocation                2
   b - Shroud of Golubria             Charms/Translocation         2
   c - Lesser Beckoning               Translocation                3
   d - Portal Projectile              Translocation                3
   e - Teleport Other                 Translocation                3
   f - Passage of Golubria            Translocation                4
 y - a book of Changes

   Spells                             Type                      Level
   a - Beastly Appendage              Transmutation                1
   b - Sticks to Snakes               Transmutation                2
   c - Spider Form                    Transmutation/Poison         3
   d - Ice Form                       Ice/Transmutation            4
   e - Blade Hands                    Transmutation                5
Comestibles
 g - 5 bread rations
 h - a beef jerky
 n - 4 meat rations


   Skills:
 - Level 1.7 Fighting
 + Level 11.7 Axes
 - Level 0.8 Throwing
 + Level 5.4 Armour
 - Level 2.1 Dodging
 - Level 1.7 Spellcasting
   Level 3.2 Translocations


You had 11 spell levels left.
You didn't know any spells.

Dungeon Overview and Level Annotations

Branches:
Dungeon (7/15)             Temple (1/1) D:7

Altars:
Fedhas
Hepliaklqana
Kikubaaqudgha
Makhleb
Okawaru

Annotations:
D:5 pokeman's ghost, novice HEWz


Innate Abilities, Weirdness & Mutations

You are resistant to damage.
You can recharge devices by infusing magical energy.
You passively map the area around you.
You do not regenerate.
You are somewhat resistant to further mutation.


Message History

You hit the orc warrior.
The orc warrior is almost dead.
You hit the orc warrior but do no damage.
The orc warrior is almost dead.
The orc warrior hits you with a mace!
* * * LOW HITPOINT WARNING * * *
You closely miss the orc warrior.
The orc warrior is almost dead.
You hit the orc warrior but do no damage.
The orc warrior is almost dead.
The orc warrior hits you but does no damage.
You barely miss the orc warrior.
The orc warrior is almost dead.
The orc warrior hits you but does no damage.
You barely miss the orc warrior.
The orc warrior is almost dead.
You closely miss the orc warrior.
The orc warrior is almost dead.
The orc warrior hits you with a mace!
You die...

#.#.##.................#######
,,..............#######.# * ,
,#.#.###.#...## #.# ,,
,*#...W........# ##.##
*###.###.#..#.# #...#
#.######.# #.#..#.# #...#
#......W.# #.#.##.## #...#
#........#
#...)o..#####...#####
.........#
#....@..#...........##
##.......#
#.#...................
...o.....#
#.##.##.#...........##
#........#
#.##)##.#####...#####
..######## #.......# #...# * *
o.* ####.#### #.... , , ,, *
#.# #...# ,, #.# ##.. , *, , *
** #.# * **,


You could see an orc warrior.

Vanquished Creatures
  Grinder (D:3)
  A hungry ghost (D:7)
  Duvessa (D:5)
  An orc warrior (D:7)
  A sky beast (D:5)
  An ice beast (D:5)
  Blork the orc (D:5)
  4 big kobolds (Sewer)
  Dowan (D:5)
  A bullfrog (D:6)
  2 howler monkeys
  A quasit (D:5)
  A centaur zombie (D:6)
  An orc priest (D:6)
  4 orc wizards
  A jelly (D:6)
  4 hounds
  Crazy Yiuf (D:2)
  3 iguanas
  3 worker ants
  3 gnolls
  9 adders
  A river rat (Sewer)
  2 shadow imps (D:6)
  3 oozes
  4 worms
  3 dart slugs
  5 leopard geckos
  17 orcs
  5 bats
  3 giant cockroaches
  10 goblins
  9 hobgoblins
  8 jackals
  4 quokkas
  A ball python (Sewer)
  7 frilled lizards
  16 kobolds
  A quokka skeleton (D:6)
  10 rats
155 creatures vanquished.

Notes
Turn   | Place    | Note
-------+----------+-------------------------------------------
     0 | D:1      | FitzyFitz the Deep Dwarf Warper began the quest for the Orb.
     0 | D:1      | Reached XP level 1. HP: 19/19 MP: 3/3
   287 | D:1      | Reached skill level 3 in Axes
   296 | D:1      | Reached XP level 2. HP: 26/26 MP: 4/4
   758 | D:1      | Reached XP level 3. HP: 25/32 MP: 5/5
  1191 | D:2      | Reached skill level 4 in Axes
  1476 | D:2      | Found a runed door.
  1906 | D:2      | Reached XP level 4. HP: 19/39 MP: 6/6
  2071 | D:2      | Noticed Crazy Yiuf
  2088 | D:2      | Killed Crazy Yiuf
  2088 | D:2      | Reached skill level 5 in Axes
  2620 | D:3      | You fall through a shaft for 2 floors!
  2620 | D:5      | Entered Level 5 of the Dungeon
  2620 | D:5      | Noticed Blork the orc
  2647 | D:5      | Found a glowing drain.
  2651 | Sewer    | Entered a sewer
  2856 | Sewer    | Reached XP level 5. HP: 26/45 MP: 7/7
  2887 | Sewer    | Reached skill level 6 in Axes
  2977 | Sewer    | Reached skill level 7 in Axes
  2977 | Sewer    | Reached XP level 6. HP: 7/52 MP: 8/8
  3266 | Sewer    | Reached skill level 8 in Axes
  3431 | D:5      | Reached XP level 7. HP: 14/58 MP: 9/9
  3813 | D:5      | Noticed Dowan
  3814 | D:5      | Noticed Duvessa
  4029 | D:4      | Reached skill level 9 in Axes
  4271 | D:3      | Found a blossoming altar of Fedhas.
  4424 | D:3      | Noticed Grinder
  4451 | D:3      | Killed Grinder
  4451 | D:3      | Reached skill level 10 in Axes
  4936 | D:4      | Found an iron altar of Okawaru.
  5177 | D:4      | Reached XP level 8. HP: 30/66 MP: 10/10
  5860 | D:5      | Killed Duvessa
  5877 | D:5      | Killed Dowan
  6062 | D:5      | Noticed pokeman's ghost (novice HEWz)
  6130 | D:5      | Gained mutation: You are somewhat resistant to further mutation. [mutagenic meat]
  6397 | D:5      | Killed Blork the orc
  6397 | D:5      | Reached skill level 11 in Axes
  7375 | D:7      | Reached skill level 5 in Armour
  7451 | D:7      | Found an ancient bone altar of Kikubaaqudgha.
  7467 | D:7      | Found a burning altar of Makhleb.
  7468 | D:7      | Found a hazy altar of Hepliaklqana.
  7472 | D:7      | Became a worshipper of Makhleb the Destroyer
  7569 | D:7      | Found a staircase to the Ecumenical Temple.
  7582 | Temple   | Entered the Ecumenical Temple
  7781 | D:7      | Gained mutation: You passively map the area around you. [Deep Dwarf growth]
  7781 | D:7      | Reached XP level 9. HP: 17/73 MP: 11/11
  8051 | D:7      | Slain by an orc warrior

Vault maps used:
D:1:      dpeg_arrival_lava_temple_mockup
D:2:      uniq_crazy_yiuf_cottage
D:3:      lemuel_round_altar, uniq_grinder
D:4:      okawaru_ov_weapons_minmay
D:5:      gup_sewer_entry_bowl, first_bread, uniq_blork_the_orc, uniq_duvessa
D:6:      basic_altar, uniq_pikel
D:7:      gammafunk_temple_overflow_forgotten
Temple:   eino_temple_scatter_basement
Sewer:    sewer_co_tree

Skill      XL: |  1  2  3  4  5  6  7  8 |
---------------+-------------------------+-----
Axes           | 3 4 5 7 8 10 11 | 11.7
Armour         | 5 |  5.4
Fighting       | |  1.7
Throwing       | |  0.8
Dodging        | |  2.1
Spellcasting   | |  1.7
Translocations | |  3.2

Action                   |  1- 3 |  4- 6 |  7- 9 || total
-------------------------+-------+-------+-------++-------
Melee: Hand axe          |   229 |   250 |   479 ||   958
Throw: Stone             |     7 |       |     1 ||     8
       Tomahawk          |       |       |    10 ||    10
       Javelin           |       |       |     4 ||     4
Evoke: Wand              |       |     4 |     7 ||    11
  Use: Scroll            |       |     3 |    11 ||    14
       Potion            |       |     1 |     7 ||     8
 Stab: Invisible         |       |     2 |       ||     2
  Eat: Chunk             |     4 |     4 |    11 ||    19
       Pizza             |       |     1 |       ||     1
       Meat ration       |       |       |     3 ||     3
       Beef jerky        |       |       |     2 ||     2
Armor: Leather armour    |    14 |       |       ||    14
       Plate armour      |   166 |   126 |   241 ||   533
Dodge: Dodged            |    62 |    58 |   134 ||   254
